AoeStats
← Runxi24

African Clearing

504176378Analyzed
4v4 RM · 28d ago on Sep 4, 2026· 38m 26s· 8 players
Game mode
Random Map
Map size
Large (8 player)
Population
200
Speed
Normal
Resources
Standard
Victory
Conquest
Starting age
Dark Age
Ending age
Imperial Age
RankedLock teamsTeams togetherTeam positionsShared explorationLock speedFull tech treeHidden civsTurbo modeCheats
Victory
Defeat
🇨🇳 Chinese · China
1312
+15
🇨🇳 Huns · China
1232
+19
🇪🇸 Poles · Spain
1211
+20
🇨🇳 Mongols · China
1195
+21
🇨🇳 Mongols · China
1430
-25
🇨🇳 Khitans · China
1344
-21
🇨🇳 Mapuche · China
1308
-19
🇨🇳 Spanish · China
1106
-10
Jack
3:28 Loom
14:18 Feudal Age
15:46 Double-Bit Axe
20:42 Castle Age
19:27 Bloodlines
18:59 Horse Collar
20:20 Gold Mining
20:56 Scale Barding Armor
21:02 Forging
22:08 Elite Skirmisher
26:04 Wheelbarrow
30:38 Padded Archer Armor
32:34 Fletching
33:00 Leather Archer Armor
34:39 Hand Cart
36:27 Stone Mining
36:52 Bow Saw
37:45 Husbandry
37:56 Bodkin Arrow
38:23 Chain Barding Armor
38:38 Iron Casting
Yee
14:57 Feudal Age
18:44 Castle Age
17:50 Double-Bit Axe
18:51 Fletching
26:17 Fishing Lines
28:36 Loom
32:56 Bodkin Arrow
33:59 Padded Archer Armor
巨大的问号
3:02 Loom
12:38 Feudal Age
16:52 Castle Age
15:03 Double-Bit Axe
15:19 Gold Mining
18:12 Gold Shaft Mining
17:50 Bow Saw
21:36 Scale Mail Armor
22:48 Chain Mail Armor
25:58 Horse Collar
26:32 Stone Mining
28:16 Wheelbarrow
30:11 Stone Shaft Mining
33:38 Imperial Age
31:31 Hand Cart
31:53 Town Watch
35:55 Two-Man Saw
34:47 Fletching
34:57 Padded Archer Armor
35:32 Bodkin Arrow
36:51 Conscription
35:54 Crossbowman
36:59 Bracer
37:15 Leather Archer Armor
37:06 Thumb Ring
36:36 Arbalester
38:41 Ballistics
39:22 Chemistry
Runxi24
11:04 Loom
13:17 Feudal Age
15:07 Double-Bit Axe
21:50 Fletching
32:32 Castle Age
34:07 Bodkin Arrow
菜菜的菜菜
4:06 Loom
4:31 Loom
13:27 Feudal Age
16:49 Forging
23:43 Scale Barding Armor
27:48 Castle Age
25:39 Double-Bit Axe
25:36 Domestication
27:54 Light Cavalry
29:00 Gold Mining
30:12 Chain Barding Armor
30:30 Iron Casting
33:04 Husbandry
36:16 Town Watch
米兰的小歌迷
12:14 Feudal Age
11:30 Loom
13:15 Feudal Age
14:49 Double-Bit Axe
17:27 Castle Age
18:41 Bow Saw
19:49 Fletching
22:52 Bodkin Arrow
23:27 Padded Archer Armor
30:29 Town Watch
31:37 Fishing Lines
33:10 Gillnets
34:54 Wheelbarrow
9LMB
8:40 Loom
11:40 Feudal Age
12:23 Double-Bit Axe
19:11 Fletching
35:00 Castle Age
33:34 Scale Mail Armor
小离爱吃糖
15:52 Feudal Age
23:01 Castle Age
21:43 Stone Mining
22:31 Double-Bit Axe
26:35 Horse Collar
31:40 Gold Mining
32:10 Bow Saw
34:42 Bloodlines
38:46 Imperial Age
39:19 Wheelbarrow
Connection lost

Rejoining the realm…

Still unreachable

The connection could not be restored.

Session expired

The server has moved on; the page needs a fresh start.